 Seeded DCSS version 0.29.1-1-gd02db6906a (webtiles) character file.

Game seed: 2459909534916825261 (custom seed)

16 GigaChad the Trooper (level 2, -2/25 HPs)
             Began as a Palentonga Fighter on Oct 3, 2022.
             Was a Follower of Jiyva.
             Slain by a gnoll
             ... wielding a +0 halberd
              (8 damage)
             ... on level 2 of the Dungeon.
             The game lasted 00:01:56 (147 turns).

GigaChad the Trooper (Palentonga Fighter)            Turns: 147, Time: 00:01:57

Health: -2/25      AC:  7    Str: 21    XL:     2   Next: 41%
Magic:  2/2        EV:  5    Int:  8    God:    Jiyva [*.....]
Gold:   14         SH:  4    Dex:  9    Spells: 1/1 levels left

rFire   . . .      SeeInvis +   a - +0 long sword
rCold   . . .      Faith    .   c - +0 buckler
rNeg    . . .      Spirit   .   e - +0 chain mail
rPois   .          Reflect  .   (no helmet)
rElec   .          Harm     .   (no cloak)
rCorr   .          Rampage  .   (no gloves)
Will    .....                   (no barding)
Stlth   ..........              (no amulet)
HPRegen 0.88/turn               (no ring)
MPRegen 0.33/turn               (no ring)

@: no status effects
A: large, rugged brown scales 3, see invisible, deformed body, roll 1, armoured
tail
a: Rolling Charge, Renounce Religion


You were on level 2 of the Dungeon.
You worshipped Jiyva.
Jiyva was aware of your devotion.
You visited 1 branch of the dungeon, and saw 2 of its levels.

You collected 14 gold pieces.

Inventory:

Hand Weapons
 a - a +0 long sword (weapon)
Armour
 b - a +0 scale mail
 c - a +0 buckler (worn)
 e - a +0 chain mail (worn)
Potions
 d - a potion of might


   Skills:
 + Level 3.2 Fighting
 + Level 2.1 Long Blades
 + Level 2.6 Armour
 + Level 0.1 Dodging
 + Level 2.9 Shields


You had one spell level left.
You didn't know any spells.
Your spell library was empty.

Dungeon Overview and Level Annotations

Branches:
Dungeon (1/15)

Altars:
Jiyva


Innate Abilities, Weirdness & Mutations

You are completely covered in rugged brown scales. (AC +3, +7% HP)
You have supernaturally acute eyesight. (SInv)
Armour fits poorly on your strangely shaped body.
You can roll at nearby foes to attack.
You have a long armoured tail.


Message History

The ball python closely misses you.
You hit the ball python.
You kill the ball python!
You see here a ball python corpse.
You see here a +0 chain mail.
e - a +0 chain mail You start removing your armour.
You continue taking off your +0 scale mail. x4
You finish taking off your +0 scale mail.
You start putting on your armour.
You continue putting on your +0 chain mail. x5
You finish putting on your +0 chain mail.
You see here a ball python corpse.
There is a shaft here.
You hear a distant slurping noise.
You hear a distant slurping noise.
You hear a distant slurping noise.
A rat comes into view.
You hear a distant slurping noise.
You barely miss the rat.
The rat bites you but does no damage. x2
You closely miss the rat. The rat bites you.
You closely miss the rat. The rat bites you but does no damage.
You hit the rat.
You kill the rat!
You see here a rat corpse.
Found a scroll labelled ECUEMA OLISIG.
Found a stone staircase leading down.
A gnoll comes into view. It is wielding a +0 halberd.
The gnoll shouts!
You hear a shout!
The gnoll moves out of view.
You hear a shout!
You hear a shout! 3 gnolls come into view.
Found a stone staircase leading up.
The gnoll shouts! x2
The gnoll hits you from afar with a +0 halberd!
Ouch! That really hurt!
The gnoll hits you from afar with a +0 halberd!
* * * LOW HITPOINT WARNING * * *
The gnoll hits you from afar with a +0 halberd!
You die...

####.###### #..#
###########.##
#...........#
#........####
.####........#
.............#
.##.........#
#.....@...#
.................
#...#..g######.>.
...?...gg ...
###......
#.....g. #.......
#.....<..


You could see 2 gnolls.

Vanquished Creatures
  An adder (D:2)
  2 ball pythons (D:2)
  A goblin (D:2)
  A quokka (D:2)
  A frilled lizard (D:1)
  A rat (D:2)
7 creatures vanquished.

Notes
Turn   | Place    | Note
-------+----------+-------------------------------------------
     0 | D:1      | GigaChad the Palentonga Fighter began the quest for the
                  | Orb.
     0 | D:1      | Reached XP level 1. HP: 19/19 MP: 1/1
    19 | D:1      | Found a faded altar of an unknown god.
    36 | D:1      | Prayed at the altar of an unknown god.
    36 | D:1      | Became a worshipper of Jiyva Jipownom the Shapeless
    36 | D:1      | Reached * piety under Jiyva
    45 | D:1      | You fall into a shaft and drop 1 floor!
    74 | D:2      | Reached XP level 2. HP: 19/25 MP: 2/2
   147 | D:2      | Slain by a gnoll

Illustrated notes

Levels and vault maps discovered:
D:1:      lightli_arrival_boilingwater, layout_loops_ring,
          basic_ecumenical_altar
D:2:      minmay_diamond_boxcup, layout_rooms

Action                   || total
-------------------------++-------
Melee: Long sword        ||    33
       Tailslap          ||     4
Armor: Scale mail        ||    21
       Chain mail        ||     3
Dodge: Dodged            ||    22
Block: Buckler           ||    10
